 Dungeon Crawl Stone Soup version 0.25-a0-614-g73ad250637 (webtiles) character file.

Game seed: 14153800394627082669, levelgen mode: deterministic

19 kae the Skirmisher (level 2, -1/24 HPs)
             Began as a Demonspawn Monk on Mar 17, 2020.
             Hit by a stone thrown by a kobold (2 damage)
             ... on level 2 of the Dungeon.
             The game lasted 00:01:03 (986 turns).

kae the Skirmisher (Demonspawn Monk)                 Turns: 986, Time: 00:01:03

Health: -1/24      AC:  5    Str: 11    XL:     2   Next: 55%
Magic:  2/2        EV: 13    Int: 11    God:
Gold:   76         SH:  0    Dex: 15    Spells: 1/1 levels left

rFire    . . .     SeeInvis .     - Unarmed
rCold    . . .     Gourm    .   (no shield)
rNeg     . . .     Faith    .   a - +0 robe
rPois    .         Spirit   .   c - +2 helmet
rElec    .         Reflect  .   (no cloak)
rCorr    .         Harm     .   (no gloves)
MR       .....                  (no boots)
Stlth    ++........             (no amulet)
HPRegen  0.08/turn              (no ring)
MPRegen  0.08/turn              (no ring)

@: hasted (expiring), very quick
A: rot immunity
a: no special abilities


You were on level 2 of the Dungeon.
You were not hungry.

You visited 1 branch of the dungeon, and saw 2 of its levels.

You collected 76 gold pieces.

Inventory:

Armour
 a - a +0 robe (worn)
 c - a +2 helmet (worn)
Scrolls
 d - a scroll of identify {unknown}
 e - a scroll of fog {unknown}
 g - 2 scrolls of noise {unknown}
 h - a scroll of enchant weapon {unknown}
Comestibles
 b - a ration


   Skills:
 + Level 3.5 Fighting
 - Level 2.6 Dodging
 - Level 1.7 Stealth
 + Level 3.1 Unarmed Combat


You had one spell level left.
You didn't know any spells.
Your spell library was empty.

Dungeon Overview and Level Annotations

Branches:
Dungeon (2/15)

Altars:


Innate Abilities, Weirdness & Mutations

You are immune to rotting.


Message History

* * * LOW HITPOINT WARNING * * *
The leopard gecko barely misses you.
The ball python bites you but does no damage.
The ball python barely misses you. The rat bites you.
* * * LOW HITPOINT WARNING * * *
The ball python misses you. The ball python closely misses you.
You see here 14 gold pieces.
The rat bites you but does no damage. The rat barely misses you.
You see here 6 gold pieces.
Found a ration.
A leopard gecko comes into view.
Your extra speed is starting to run out.
The leopard gecko hisses angrily.
You hear a shout!
A kobold comes into view.
The leopard gecko bites you.
* * * LOW HITPOINT WARNING * * *
The leopard gecko barely misses you.
The kobold throws a stone.
The stone hits you.
You die...

#..## #.## #.# ##
#########S###. #.
###............. #.
#...........####
#####.##.#..########
#.....l....##
...#.@..### #K.####
....# #...## ###


You could see a leopard gecko and a kobold.

Vanquished Creatures
  A gnoll (D:1)
  A leopard gecko (D:1)
  2 goblins (D:1)
  2 hobgoblins (D:1)
  A kobold (D:1)
  2 rats (D:1)
9 creatures vanquished.

Notes
Turn   | Place    | Note
-------+----------+-------------------------------------------
     0 | D:1      | kae the Demonspawn Monk began the quest for the Orb.
     0 | D:1      | Reached XP level 1. HP: 18/18 MP: 1/1
     2 | D:1      | Noticed an elf
     2 | D:1      | Noticed a dwarf
     4 | D:1      | Noticed a tengu
     4 | D:1      | Noticed a troll
     6 | D:1      | Noticed a vine stalker
     6 | D:1      | Noticed an octopode
     8 | D:1      | Noticed a draconian
     8 | D:1      | Noticed a human
    10 | D:1      | Noticed a vampire
    10 | D:1      | Noticed a demonspawn
    12 | D:1      | Noticed a felid
    12 | D:1      | Noticed a formicid
    14 | D:1      | Noticed a gargoyle
    16 | D:1      | Noticed a spriggan
    18 | D:1      | Noticed a minotaur
    18 | D:1      | Noticed an ogre
    20 | D:1      | Noticed a merfolk
    20 | D:1      | Noticed a centaur
    22 | D:1      | Noticed a halfling
    22 | D:1      | Noticed a demigod
    24 | D:1      | Noticed a naga
    24 | D:1      | Noticed a ghoul
   504 | D:1      | Gained mutation: You are immune to rotting. [demonic
                  | ancestry]
   504 | D:1      | Reached XP level 2. HP: 11/24 MP: 2/2
   942 | D:2      | HP: 1/24 [rat (2)]
   985 | D:2      | HP: 1/24 [leopard gecko (2)]
   986 | D:2      | Hit by a stone thrown by a kobold

Levels and vault maps discovered:
D:1:      kb_arrival_jail, layout_loops_corners, hex_large, minmay_statues_item,
          serial_bayou_lagoon_a
D:2:      layout_rooms

Skill      XL: |  1 |
---------------+----+-----
Unarmed Combat | 3 |  3.1
Fighting       | |  3.5
Dodging        | |  2.6
Stealth        | |  1.7

Action                   || total
-------------------------++-------
Melee: Unarmed           ||    29
       Punch             ||     1
  Use: Potion            ||     1
 Stab: Sleeping          ||     2
Armor: Robe              ||     7
Dodge: Dodged            ||    29

Table legend:
 A = Non-vault XP
 B = Vault XP
 C = Vault XP percentage of total XP
 D = Non-vault monster count
 E = Vault monster count
 F = Vault count percentage of total count
                 A         B        C        D         E       F
            +---------+---------+-------+---------+---------+-------
      Total |      28 |       0 |   0.0 |       9 |       0 |   0.0
            +---------+---------+-------+---------+---------+-------
        D:1 |      28 |       0 |   0.0 |       9 |       0 |   0.0
            +---------+---------+-------+---------+---------+-------
